 Dungeon Crawl Stone Soup version 0.31-a0-865-g3d5d91748a (webtiles) character file.

Game seed: 3257896305601760610

47088 Ge0ff the Marksoctopus (level 14, -12/108 HPs)
             Began as an Octopode Hexslinger on Oct 10, 2023.
             Was a High Priest of Okawaru.
             Killed by an exploding wyvern (36 damage)
             ... ignited by their inner flame
             ... on level 5 of the Lair of Beasts.
             The game lasted 00:47:47 (25969 turns).

Ge0ff the Marksoctopus (Octopode Hexslinger)       Turns: 25969, Time: 00:47:48

Health: -12/108    AC:  3    Str:  7    XL:     14   Next: 40%
Magic:  18/18      EV: 20    Int: 19    God:    Okawaru [*****.]
Gold:   710        SH:  5    Dex: 16    Spells: 8/19 levels left

rFire   . . .        a - +2 sling (drain)
rCold   . . .        (no shield)
rNeg    . . .        (helmet restricted)
rPois   +            G - amulet of reflection
rElec   .            K - ring of wizardry
rCorr   .            H - ring of poison resistance
SInv    +            O - +5 ring of evasion
Will    .....        x - ring of see invisible
Stlth   +++          (no ring)
HPRegen 0.38/turn    (no ring)
MPRegen 0.16/turn    (no ring)
                     (no ring)

%: reflection, wizardry (x1)
@: weak-willed
A: almost no armour, amphibious, 8 rings, camouflage 1, gelatinous body 1,
(nimble swimmer 1), tentacles, iridescent scales 1, wild magic 1
a: Renounce Religion, Heroism, Finesse, Duel


You were on level 5 of the Lair of Beasts.
You worshipped Okawaru.
Okawaru was extremely pleased with you.
You visited 3 branches of the dungeon, and saw 17 of its levels.

You collected 1165 gold pieces.
You spent 455 gold pieces at shops.

Inventory:

Hand Weapons
 a - a +2 sling of draining (weapon)
 b - a +1 sling of electrocution
 D - a +4 trident of draining
 I - a +1 sling
 S - a +0 shortbow
 Y - a +0 orcbow
Missiles
 v - 2 curare-tipped darts {=F}
 w - 5 silver javelins
 z - 4 darts of dispersal
 J - 17 boomerangs
 Z - 17 poisoned darts
Armour
 t - the +3 hat of Pondering {ponderous, Will+ MP+10 Int+5}
   (You took it off Gastronok on level 3 of the Lair of Beasts)

   Int+5:     It affects your intelligence (+5).
   Will+:     It increases your willpower.
   MP+10:     It affects your magic capacity (+10).
 A - an orb of guile
 N - a -1 hat
 R - a +0 buckler
Jewellery
 x - a ring of see invisible (on tentacle)
 G - an amulet of reflection (around mantle)
 H - a ring of poison resistance (right tentacle)
 K - a ring of wizardry (left tentacle)
 O - a +5 ring of evasion (on tentacle)
 Q - a ring of fire
Wands
 d - a wand of digging (3)
 f - a wand of flame (55)
 j - a wand of acid (4)
 r - a wand of roots (1)
 P - a wand of polymorph (3)
Scrolls
 i - a scroll of identify
 m - 2 scrolls of revelation
 y - a scroll of immolation
 B - 3 scrolls of blinking
 E - a scroll of fear
 F - 3 scrolls of fog
 T - 3 scrolls of teleportation
 U - 2 scrolls of enchant weapon
 V - 6 scrolls of vulnerability
Potions
 q - 4 potions of curing
 u - 2 potions of mutation {!q}
 L - a potion of lignification
 M - 2 potions of might
 W - 2 potions of heal wounds {!q}
 X - 8 potions of enlightenment


   Skills:
 + Level 14.2 Fighting
 * Level 17.4 Ranged Weapons
 - Level 5.0 Dodging
 - Level 3.0 Stealth
 - Level 3.0 Spellcasting
 - Level 5.0 Hexes
 + Level 0.6 Translocations
 - Level 3.0 Fire Magic
 - Level 5.0 Invocations
 - Level 5.0 Evocations


You had 8 spell levels left.
You knew the following spells:

 Your Spells              Type           Power      Damage    Failure   Level
a - Dimensional Bullseye  Hex/Tloc       8%         N/A       24%         4
j - Inner Flame           Hex/Fire       23%        N/A       5%          3
s - Jinxbite              Hex            56%        N/A       2%          2
B - Blink                 Tloc           14%        N/A       10%         2

Your spell library contained the following spells:

 Spells                   Type           Power      Damage    Failure   Level
 Sigil of Binding         Hex            28%        N/A       4%          3
 Cause Fear               Hex            14%        N/A       11%         4
 Gell's Gravitas          Tloc           7%         N/A       19%         3
 Teleport Other           Tloc           7%         N/A       19%         3
 Ozocubu's Armour         Ice            3%         N/A       22%         3
 Stone Arrow              Conj/Erth      6%         3d7       22%         3
 Manifold Assault         Tloc           7%         N/A       47%         4
 Dispersal                Tloc           3%         N/A       99%         6
 Ozocubu's Refrigeration  Ice            1%         4d7       100%        7
 Lehudib's Crystal Spear  Conj/Erth      1%         10d2      100%        8
 Animate Armour           Summ/Erth      Unusable   N/A       N/A         4

Dungeon Overview and Level Annotations

Branches:
Dungeon (11/15) Zot: 22901  Temple (1/1) D:7 Zot: 5967    Lair (5/5) D:9 Zot: 23722
 Shoals (0/4) Lair:3       Spider (0/4) Lair:3        Slime (0/5) Lair:4
    Orc (0/2) D:10

Altars:
Ashenzari
Cheibriados
Dithmenos
Elyvilon
Fedhas
Gozag
Hepliaklqana
Kikubaaqudgha
Makhleb
Nemelex Xobeh
Okawaru
Qazlal
Ru
Sif Muna
Trog
Uskayaw
Vehumet
Wu Jian
Xom
Yredelemnul
Zin
The Shining One
Jiyva
Lugonu

Shops:
D:6 ***

Annotations:
D:8 exclusion: ice statue
Lair:1 1 runed translucent door, Zgarb's ghost, journeyman DgIE
Lair:4 exclusion: obsidian statue


Innate Abilities, Weirdness & Mutations

You cannot wear most types of armour.
You are amphibious.
You can wear up to eight rings at the same time.
Your skin changes colour to match your surroundings (Stealth+).
Your rubbery body absorbs attacks. (AC +1, EV +1)
((You are camouflaged when in or above water. (Stealth+)))
You have tentacles for arms and can constrict up to eight enemies at once.
You are partially covered in iridescent scales. (AC +2)
Your spells are a little harder to cast, but a little more powerful.


Message History

Aiming: Fastroot
Press: ? - help, Shift-Dir - straight line, f - yak
Aim: a yak (severely wounded, lightly drained)
The roots erupt in riotous growth!
Roots grab the yak.
Roots grab the black mamba.
The grasping roots constrict the black mamba.
The grasping roots constrict the yak.
You block the black mamba's attack. The yak completely misses you.
You shoot a sling bullet.
The sling bullet barely misses the black mamba.
The grasping roots constrict the black mamba!
The grasping roots constrict the yak.
You kill the yak!
Okawaru accepts your kill. You block the black mamba's attack.
The black mamba completely misses you.
A death yak comes into view.
The grasping roots constrict the black mamba!
The black mamba struggles to escape constriction.
The black mamba escapes!
Aiming: Fastroot
Press: ? - help, Shift-Dir - straight line, f/p - black mamba
Aim: a black mamba (severely wounded, covered in acid)
The roots erupt in riotous growth!
Roots grab the black mamba.
Roots grab the yak.
Roots grab the wyvern.
The grasping roots constrict the wyvern.
The grasping roots constrict the black mamba!
The grasping roots constrict the yak.
You hear a bellow!
The wyvern bites you! The black mamba bites you! The wyvern misses you.
As you read the scroll of immolation, it crumbles to dust.
The creatures around you are filled with an inner flame!
The grasping roots constrict the wyvern!
Flame seeps out of the wyvern.
The grasping roots constrict the black mamba!
Okawaru accepts your kill.
The grasping roots constrict the yak!
Flame seeps out of the yak.
The black mamba explodes!
The fiery explosion engulfs the yak!!
Okawaru accepts your kill. The fiery explosion engulfs you!!!
* * * LOW HITPOINT WARNING * * *
The fiery explosion engulfs the wyvern!!!
Okawaru accepts your kill. Okawaru grants you throwing weapons!
Something appears before you!
The wyvern explodes!
The fiery explosion engulfs the yak!!
Flame seeps out of the yak.
The yak is severely wounded.
The fiery explosion engulfs you!!!
You die...

..####.P.....##
.......$......# .....
).............## .....
..............# #.....
..............# ......
.......Y......# #......
............Y##.P........
.......Y....○○#..........
..#.#.......§§@..........
#####.......§§§..........
##...................
#...................
#..........†.......#
##...........†.### ###
#.............†#.# #.#####
###........P..#.#####..##..
##......#................


You could see a death yak (inner flame) and a yak (inner flame).

Vanquished Creatures
  Gastronok (Lair:3)
  3 hydras
  A boulder beetle (Lair:2)
  A two-headed ogre (D:11)
  Amaemon (Lair:2)
  A skyshark (Lair:5)
  Lodul (D:10)
  A manticore (D:11)
  2 oklob plants (Lair:4)
  7 black mambas
  21 elephants
  Joseph (D:8)
  3 torpor snails
  An orange demon (Lair:2)
  Maggie (D:8)
  9 cane toads
  3 rime drakes
  5 komodo dragons
  Jeremiah (D:8)
  A troll (D:6)
  Grinder (D:4)
  2 hornets
  3 polar bears
  17 blink frogs
  4 dream sheep (Lair:1)
  6 slime creatures
  6 wyverns
  2 wraiths
  Eustachio (D:4)
  40 yaks
  2 basilisks
  2 redbacks (Lair:3)
  14 vampire mosquitoes (D:11)
  Edmund (D:6)
  3 acid dragons
  13 water moccasins
  4 orc warriors (D:10)
  4 ice beasts
  A sky beast (D:7)
  22 wolves
  2 black bears
  8 ogres
  6 centaurs
  A kobold brigand (D:6)
  11 bullfrogs
  A gnoll sergeant (D:5)
  3 scorpions
  9 wights
  17 killer bees
  4 howler monkeys
  3 electric eels
  A hound (D:6)
  2 orc priests
  5 jellies
  A gnoll bouda (D:8)
  An iron imp (D:3)
  Jessica (D:3)
  Ijyb (D:4)
  6 iguanas
  7 orc wizards
  6 hell rats (Lair:3)
  7 gnolls
  7 adders
  3 dart slugs
  39 orcs
  4 bats
  4 endoplasms
  6 giant cockroaches
  7 goblins
  6 hobgoblins
  A jackal (D:7)
  7 quokkas
  5 ball pythons
  A frilled lizard (D:1)
  7 kobolds
  4 rats
417 creatures vanquished.

Notes
Turn   | Place    | Note
-------+----------+-------------------------------------------
     0 | D:1      | Ge0ff the Octopode Hexslinger began the quest for the Orb.
     0 | D:1      | Reached XP level 1. HP: 13/13 MP: 2/2
   278 | D:1      | Reached XP level 2. HP: 18/18 MP: 3/3
   281 | D:1      | Learned a level 2 spell: Jinxbite
  1152 | D:1      | Reached skill level 1 in Stealth
  1290 | D:2      | Reached XP level 3. HP: 23/23 MP: 1/4
  2293 | D:3      | Reached XP level 4. HP: 28/28 MP: 3/6
  2323 | D:3      | Reached skill level 3 in Ranged Weapons
  2723 | D:3      | Found a snail-covered altar of Cheibriados.
  2770 | D:3      | Reached XP level 5. HP: 34/34 MP: 4/7
  3120 | D:3      | Noticed Jessica
  3127 | D:3      | Killed Jessica
  3396 | D:4      | Reached skill level 4 in Ranged Weapons
  3396 | D:4      | Reached XP level 6. HP: 41/41 MP: 6/9
  3398 | D:4      | Noticed Eustachio
  3404 | D:4      | Killed Eustachio
  3518 | D:4      | Noticed Grinder
  3532 | D:4      | Gained mutation: You are partially covered in iridescent
                  | scales. (AC +2) [potion of mutation]
  3532 | D:4      | Gained mutation: Your spells are a little harder to cast,
                  | but a little more powerful. [potion of mutation]
  3535 | D:4      | Reached XP level 7. HP: 20/46 MP: 7/11
  3745 | D:4      | Noticed Ijyb
  3794 | D:4      | Reached skill level 5 in Ranged Weapons
  4717 | D:4      | Learned a level 3 spell: Inner Flame
  4773 | D:4      | Killed Ijyb
  4783 | D:4      | Paralysed by Grinder for 2 turns
  4789 | D:4      | Paralysed by Grinder for 2 turns
  5026 | D:4      | Identified the +0 robe of the Zealous God {Str+6}
  5033 | D:4      | Paralysed by Grinder for 5 turns
  5303 | D:4      | Paralysed by Grinder for 2 turns
  5314 | D:4      | Killed Grinder
  5315 | D:4      | Reached XP level 8. HP: 43/54 MP: 12/12
  5356 | D:5      | Entered Level 5 of the Dungeon
  5583 | D:5      | Reached skill level 6 in Ranged Weapons
  5607 | D:5      | Reached skill level 5 in Hexes
  5607 | D:5      | Reached skill level 1 in Evocations
  6191 | D:6      | Found a shadowy altar of Dithmenos.
  6362 | D:6      | Noticed Edmund
  6559 | D:6      | Found Nesuuc's Assorted Antiques.
  6559 | D:6      | Found Toommuag's Assorted Antiques.
  6560 | D:6      | Found Sov Toac's General Store.
  6594 | D:6      | Bought a potion of curing for 30 gold pieces
  6599 | D:6      | Bought a viscous golden potion for 20 gold pieces
  6599 | D:6      | Bought 3 scrolls labelled KOYCSU SOPTI for 69 gold pieces
  6601 | D:6      | Bought a scroll labelled IMUOL VAYBE for 28 gold pieces
  6601 | D:6      | Bought a scroll labelled FUFAOR PIKU for 28 gold pieces
  6601 | D:6      | Bought a glass wand for 112 gold pieces
  6731 | D:6      | Reached skill level 7 in Ranged Weapons
  6872 | D:6      | Reached XP level 9. HP: 15/60 MP: 10/13
  7138 | D:6      | Noticed a troll
  7144 | D:6      | Killed a troll
  7145 | D:6      | Reached skill level 5 in Fighting
  7145 | D:6      | Reached skill level 8 in Ranged Weapons
  7146 | D:6      | Found the +18 Lear's hauberk
  7574 | D:7      | Found a staircase to the Ecumenical Temple.
  7583 | Temple   | Entered the Ecumenical Temple
  7599 | Temple   | Became a worshipper of Warmaster Okawaru
  7629 | D:7      | Found a broken altar of Ashenzari.
  7880 | D:7      | HP: 3/61 [poisoned by a killer bee]
  8078 | D:7      | Found a sacrificial altar of Ru.
  8084 | D:7      | Reached skill level 9 in Ranged Weapons
  8199 | D:7      | Found a hide-covered altar of Uskayaw.
  8557 | D:7      | Found a glowing golden altar of the Shining One.
  9051 | D:7      | Found a staircase to the Ecumenical Temple.
  9090 | D:7      | Found a hide-covered altar of Uskayaw.
  9137 | D:7      | Found a sacrificial altar of Ru.
  9252 | D:7      | Found a glowing golden altar of the Shining One.
  9489 | D:7      | Found a broken altar of Ashenzari.
  9944 | D:8      | Noticed Jeremiah
  9986 | D:8      | Noticed Maggie
 10002 | D:8      | Killed Maggie
 10002 | D:8      | Reached * piety under Okawaru
 10003 | D:8      | Reached skill level 10 in Ranged Weapons
 10205 | D:8      | Noticed Joseph
 10227 | D:8      | Killed Joseph
 10228 | D:8      | Reached skill level 11 in Ranged Weapons
 10228 | D:8      | Reached XP level 10. HP: 34/66 MP: 11/14
 10341 | D:6      | Killed Edmund
 10623 | D:8      | Noticed an ice statue
 10763 | D:8      | Reached ** piety under Okawaru
 11019 | D:9      | Reached skill level 12 in Ranged Weapons
 11605 | D:9      | Found a staircase to the Lair.
 11618 | D:9      | Reached skill level 1 in Invocations
 12001 | D:9      | Reached *** piety under Okawaru
 12446 | D:9      | Reached XP level 11. HP: 42/72 MP: 13/15
 12655 | D:9      | Found a staircase to the Lair.
 13149 | D:10     | Entered Level 10 of the Dungeon
 13181 | D:10     | Found an ancient bone altar of Kikubaaqudgha.
 13387 | D:6      | Bought 2 scrolls of teleportation for 168 gold pieces
 13587 | D:8      | Killed Jeremiah
 13981 | D:10     | Reached skill level 13 in Ranged Weapons
 14677 | D:10     | Reached **** piety under Okawaru
 14846 | D:10     | Noticed Lodul
 15498 | D:11     | Reached skill level 5 in Evocations
 15537 | D:11     | Noticed a two-headed ogre
 15709 | D:11     | Killed a two-headed ogre
 15830 | D:11     | Reached ***** piety under Okawaru
 16160 | D:11     | Noticed a manticore
 16435 | D:11     | Killed a manticore
 17060 | D:10     | Killed Lodul
 17060 | D:10     | Received a gift from Okawaru
 17061 | D:10     | Reached skill level 5 in Invocations
 17073 | D:10     | Reached skill level 14 in Ranged Weapons
 17358 | D:10     | Reached XP level 12. HP: 84/84 MP: 13/16
 17410 | D:10     | Found a bloodstained altar of Trog.
 17508 | D:10     | Found an opulent altar of Gozag.
 17513 | D:10     | Found a blossoming altar of Fedhas.
 17513 | D:10     | Found a white marble altar of Elyvilon.
 17524 | D:10     | Found a glowing silver altar of Zin.
 17528 | D:10     | Found a sparkling altar of Nemelex Xobeh.
 17743 | D:10     | Found a staircase to the Orcish Mines.
 17875 | D:10     | Found a bloodstained altar of Trog.
 17903 | D:10     | Found an opulent altar of Gozag.
 17916 | D:10     | Found a blossoming altar of Fedhas.
 17916 | D:10     | Found a white marble altar of Elyvilon.
 17929 | D:10     | Found a glowing silver altar of Zin.
 17933 | D:10     | Found a sparkling altar of Nemelex Xobeh.
 18071 | D:10     | Found an ancient bone altar of Kikubaaqudgha.
 19317 | Lair:1   | Entered Level 1 of the Lair of Beasts
 19474 | Lair:1   | Found a runed translucent door.
 19515 | Lair:1   | Received a gift from Okawaru
 19713 | Lair:1   | Reached skill level 10 in Fighting
 19933 | Lair:1   | Reached skill level 5 in Dodging
 20192 | Lair:1   | Noticed Zgarb's ghost (journeyman DgIE)
 20626 | Lair:2   | Noticed a seven-headed hydra
 20887 | Lair:2   | Noticed a boulder beetle
 20909 | Lair:2   | Killed a boulder beetle
 20932 | Lair:2   | Received a gift from Okawaru
 20933 | Lair:2   | Reached XP level 13. HP: 95/95 MP: 17/17
 21059 | Lair:2   | Reached skill level 15 in Ranged Weapons
 21721 | Lair:2   | Noticed Amaemon
 21731 | Lair:2   | Killed Amaemon
 21903 | Lair:3   | Noticed Gastronok
 21988 | Lair:3   | Received a gift from Okawaru
 22247 | Lair:3   | Found a staircase to the Shoals.
 22726 | Lair:3   | Killed Gastronok
 22869 | Lair:3   | Reached skill level 16 in Ranged Weapons
 23462 | Lair:3   | Received a gift from Okawaru
 23467 | Lair:3   | Found a hole to the Spider Nest.
 23865 | Lair:4   | Found a staircase to the Slime Pits.
 24055 | Lair:4   | Found a viscous altar of Jiyva.
 24220 | Lair:4   | Reached XP level 14. HP: 105/107 MP: 16/18
 24824 | Lair:4   | Received a gift from Okawaru
 24825 | Lair:4   | Reached skill level 17 in Ranged Weapons
 25245 | Lair:5   | Entered Level 5 of the Lair of Beasts
 25867 | Lair:5   | Learned a level 2 spell: Blink
 25872 | Lair:5   | Learned a level 4 spell: Dimensional Bullseye
 25969 | Lair:5   | Received a gift from Okawaru
 25969 | Lair:5   | Killed by an exploding wyvern... ignited by their inner
                  | flame

Illustrated notes

Levels and vault maps discovered:
D:1:      minmay_arrival_solitary_statue, layout_basic, dk_noncrumbling_3
D:2:      layout_basic, minivault_4
D:3:      layout_loops_ring, slow_altar_1, kennysheep_jessica_study
D:4:      cheibrodos_helix_gallery, layout_rooms, uniq_ijyb, uniq_eustachio,
          uniq_grinder
D:5:      layout_loops_ring
D:6:      layout_loops_ring, nicolae_dithmenos_through_a_glass_darkly,
          nicolae_wooded_promenade, hellmonk_guarded_unrand_lears, uniq_edmund
D:7:      layout_gridville, nicolae_tso_carved_into_rock,
          nicolae_ashenzari_skybound, mainiacjoe_overflow_tiny_flanked,
          nicolae_ru_great_annihilating_truth, minmay_temple_entry_tees
D:8:      lemuel_ice_statue, layout_gridville, uniq_joseph, uniq_maggie,
          uniq_jeremiah
D:9:      layout_stronghold, david_lair_generic, dreamdust_deal_with_the_devil
D:10:     layout_roguey, mainiacjoe_overflow_brackets, lemuel_crystal_altar,
          minmay_overflow_temple_star_hex, david_orc_4, uniq_lodul
D:11:     layout_stronghold
Temple:   corrupted_temple
Lair:1:   layout_loops_ring, hellmonk_ghost_happy_afterlife
Lair:2:   layout_regular_city, grunt_megastairs_4, uniq_amaemon
Lair:3:   layout_chaotic_city, elwin_shoals_entry_rocks, spider_nest_entry_webs,
          serial_bayou_lake_a, uniq_gastronok
Lair:4:   statuecave_lemuel, layout_regular_city, minmay_slime_entry_oklob_open,
          lemuel_fruit_tree
Lair:5:   grunt_lair_end_beastmaster, layout_cellular_growth

Skill      XL: |  1  2  3  4  5  6  7  8  9 10 11 12 13 14 |
---------------+-------------------------------------------+-----
Stealth        | 1 2 3 |  3.0
Ranged Weapons | 3 4 5 7 11 12 14 16 17 | 17.4
Fighting       | 2 3 4 5 6 8 11 13 14 | 14.2
Spellcasting   | 2 3 |  3.0
Hexes          | 4 5 |  5.0
Fire Magic     | 2 3 |  3.0
Evocations     | 3 4 5 |  5.0
Invocations    | 2 5 |  5.0
Dodging        | 3 5 |  5.0
Translocations | |  0.6

Action                     |  1- 3 |  4- 6 |  7- 9 | 10-12 | 13-15 || total
---------------------------+-------+-------+-------+-------+-------++-------
  Melee: Unarmed           |       |       |    11 |       |       ||    11
         Trident           |       |       |       |       |     2 ||     2
         Tentacles         |       |       |       |       |     2 ||     2
   Fire: Sling             |    75 |    79 |    67 |   963 |   851 ||  2035
         Shortbow          |       |       |   133 |       |       ||   133
         Orcbow            |       |       |   144 |       |       ||   144
  Throw: Dart              |       |       |       |    14 |     4 ||    18
   Cast: Jinxbite          |    10 |    16 |    65 |    62 |    21 ||   174
         Inner Flame       |       |       |       |     1 |       ||     1
 Invoke: Heroism           |       |       |       |     4 |       ||     4
         Finesse           |       |       |       |       |     3 ||     3
  Evoke: Wand              |       |       |    20 |    10 |    14 ||    44
    Use: Potion            |       |     2 |     5 |     4 |     1 ||    12
         Scroll            |       |     1 |    13 |     8 |     4 ||    26
 Armour: Skin              |    16 |    16 |   134 |   203 |   108 ||   477
  Dodge: Dodged            |    21 |    19 |   196 |   310 |   266 ||   812
  Block: Other             |       |       |       |    79 |    69 ||   148
         Reflection        |       |       |       |     3 |       ||     3

Table legend: (Time is in decaauts)
 A = Elapsed time spent in this place.
 B = Non-inter-level travel time spent in this place.
 C = Inter-level travel time spent in this place.
 D = Time resting spent in this place.
 E = Time spent auto-exploring this place.
 F = Levels seen in this place.
 G = Mean time per level.
                   A        B        C        D        E       F      G
               +--------+--------+--------+--------+--------+-----+--------+
         Total |  25492 |  24354 |   1138 |   3058 |  16252 |  17 | 1499.5 |
       Dungeon |  19182 |  18180 |   1002 |   2500 |  12598 |  11 | 1743.8 |
        Temple |     32 |      1 |     31 |      0 |      0 |   1 |   32.0 |
          Lair |   6276 |   6173 |    103 |    558 |   3654 |   5 | 1255.2 |
               +--------+--------+--------+--------+--------+-----+--------+

Top non-repeatable levels by time:
    D:10: 2923 daAuts
    D:11: 2466 daAuts
     D:7: 2398 daAuts
     D:9: 2320 daAuts
     D:4: 2109 daAuts
  Lair:3: 1794 daAuts
     D:6: 1651 daAuts
  Lair:4: 1393 daAuts
     D:1: 1288 daAuts
  Lair:1: 1255 daAuts
     D:8: 1234 daAuts
  Lair:2: 1178 daAuts
     D:2: 1096 daAuts
     D:3: 939 daAuts
     D:5: 753 daAuts
